 Dungeon Crawl Stone Soup version 0.25-a0-440-g67f526b (webtiles) character file.

Game seed: 5445539350474852132, levelgen mode: deterministic

97310 Auros the Brawler (level 15, -3/149 HPs)
             Began as a Troll Fighter on Jan 28, 2020.
             Was a High Priest of Okawaru.
             Blown up by an orb spider (55 damage)
             ... with an orb of destruction
             ... on level 4 of the Spider Nest on Jan 29, 2020.
             The game lasted 03:08:03 (24331 turns).

Auros the Brawler (Troll Fighter)                  Turns: 24331, Time: 03:08:04

Health: -3/149     AC: 18    Str: 30    XL:     15   Next: 71%
Magic:  18/21      EV: 16    Int:  7    God:    Okawaru [*****.]
Gold:   1432       SH: 22    Dex: 12    Spells: 10/19 levels left

rFire    + . .     SeeInvis +     - Unarmed
rCold    . . .     Gourm    +   l - +2 large shield {AC+3}
rNeg     . . .     Faith    .   M - +2 robe {rF+}
rPois    .         Spirit   .   x - +2 hat {Int+3}
rElec    .         Reflect  .   L - +0 cloak
rCorr    .         Harm     .   (gloves unavailable)
MR       +....                  (boots unavailable)
Stlth    +++.......             (no amulet)
HPRegen  0.74/turn              j - ring of see invisible
MPRegen  0.17/turn              s - +4 ring of protection

@: lethally poisoned (-3 -> -52), heroism, studying Axes
A: large, unfitting armour, claws 3, fast metabolism 3, gourmand, regeneration
1, shaggy fur 1, tough skin 3, subdued magic 1
a: Heroism, Finesse, Renounce Religion


You were on level 4 of the Spider Nest.
You worshipped Okawaru.
Okawaru was extremely pleased with you.
You were not hungry.

You visited 4 branches of the dungeon, and saw 23 of its levels.
You also visited: Ossuary.

You collected 1642 gold pieces.
You spent 210 gold pieces at shops.

Inventory:

Hand Weapons
 b - the +5 battleaxe of Ecvad {vorpal, +Inv}
   (You found it on level 4 of the Lair of Beasts)

   It inflicts extra damage upon your enemies.
   It lets you turn invisible.
 S - the +0 hand crossbow of Zafezom {venom, Str+3}
   (Okawaru gifted it to you on level 3 of the Lair of Beasts)

   It poisons the ammo it fires.
   It affects your strength (+3).
Missiles
 d - 500 arrows
 f - 144 bolts
 u - 10 javelins (quivered)
 w - 7 atropa-tipped darts
 F - 5 throwing nets
 N - 5 silver boomerangs
 Q - 4 silver javelins
 U - 3 large rocks
Armour
 l - a +2 large shield of protection (worn)
 x - a +2 hat of intelligence (worn)
 J - the +1 robe of Anaesthesia {rN+ Str+4}
   (Okawaru gifted it to you on level 10 of the Dungeon)

   It affects your strength (+4).
   It protects you from negative energy.
   If you switch to wearing this armour, your AC will fall 1 point (18 -> 17)
 L - a +0 cloak (worn)
 M - a +2 robe of fire resistance (worn)
Jewellery
 a - the ring of Compassion {*Corrode rElec rN+ Str+2}
   (You found it on level 3 of the Spider Nest)

   [ring of strength]

   It affects your strength (+2).
   It insulates you from electricity.
   It protects you from negative energy.
   It may corrode you when you take damage.
 j - a ring of see invisible (left claw)
 s - a +4 ring of protection (right claw)
 H - an uncursed ring of protection from magic
Wands
 g - a wand of enslavement (10)
 h - a wand of flame (33)
 m - a wand of random effects (79)
 y - a wand of acid (12)
 G - a wand of digging (10)
 W - a wand of disintegration (13)
 X - a wand of iceblast (7)
Scrolls
 c - 12 scrolls of remove curse
 i - 10 scrolls of identify
 k - 2 scrolls of blinking
 r - 3 scrolls of enchant weapon
 t - 9 scrolls of teleportation
 v - 3 scrolls of fear
 C - 3 scrolls of immolation
 D - 2 scrolls of fog
 E - a scroll of brand weapon
 R - a scroll of magic mapping
 T - a scroll of holy word
Potions
 e - 4 potions of heal wounds
 n - 2 potions of curing
 o - a potion of cancellation
 p - 4 potions of resistance
 q - 2 potions of might
 A - a potion of invisibility
 B - 4 potions of lignification
 I - 3 potions of agility
 K - a potion of haste
 O - 3 potions of flight
 V - 2 potions of berserk rage
 Y - 4 potions of magic
Books
 Z - a manual of Axes
Comestibles
 z - 37 rations


   Skills:
 - Level 9.9(14.9) Fighting
 * Level 8.0(13.0) Axes
 - Level 6.5(11.5) Throwing
 - Level 7.9(12.9) Dodging
 - Level 7.9(12.9) Shields
 - Level 15.1(20.1) Unarmed Combat
 - Level 2.8 Spellcasting
 - Level 2.9 Charms
 - Level 2.8 Necromancy
 - Level 3.5 Transmutations
 - Level 3.0 Air Magic
 - Level 9.8 Invocations


You had 10 spell levels left.
You knew the following spells:

 Your Spells              Type           Power        Failure   Level  Hunger
a - Animate Skeleton      Necr           N/A          14%         1    ##.....
b - Beastly Appendage     Tmut           #.....       10%         1    ##.....
c - Sticks to Snakes      Tmut           #.......     16%         2    ###....
d - Swiftness             Chrm/Air       #.......     21%         2    ###....
e - Spider Form           Tmut/Pois      #.........   54%         3    ####...

Your spell library contained the following spells:

 Spells                   Type           Power        Failure   Level  Hunger
 Infusion                 Chrm           #...         13%         1    ##.....
 Pain                     Necr           #...         14%         1    ##.....
 Song of Slaying          Chrm           #.......     21%         2    ###....
 Shock                    Conj/Air       #...         24%         1    ##.....
 Shroud of Golubria       Chrm/Tloc      #.....       36%         2    ###....
 Vampiric Draining        Necr           #.........   41%         3    ####...
 Apportation              Tloc           #.....       43%         1    ##.....
 Corona                   Hex            #......      43%         1    ##.....
 Summon Small Mammal      Summ           #...         43%         1    ##.....
 Ozocubu's Armour         Chrm/Ice       #.......     61%         3    ####...
 Spectral Weapon          Hex/Chrm       #.......     61%         3    ####...
 Static Discharge         Conj/Air       #.......     61%         3    ####...
 Airstrike                Air            #.........   80%         4    #####..
 Confusing Touch          Hex            #.......     82%         3    ####...
 Gell's Gravitas          Tloc           #.........   82%         3    ####...
 Animate Dead             Necr           N/A          83%         4    #####..
 Ice Form                 Ice/Tmut       #.......     92%         4    #####..
 Petrify                  Tmut/Erth      #.......     92%         4    #####..
 Summon Lightning Spire   Summ/Air       #.......     95%         4    #####..
 Blade Hands              Tmut           #.........   97%         5    ######.
 Agony                    Necr           #.......     99%         5    ######.
 Lightning Bolt           Conj/Air       #.........   100%        5    ######.
 Metabolic Englaciation   Hex/Ice        #.........   100%        5    ######.
 Silence                  Hex/Air        #.........   100%        5    ######.
 Yara's Violent Unravell  Hex/Tmut       #.........   100%        5    ######.
 Conjure Ball Lightning   Conj/Air       #.........   100%        6    #######
 Deflect Missiles         Chrm/Air       #.........   100%        6    #######
 Freezing Cloud           Conj/Ice/Air   #.........   100%        6    #######
 Ozocubu's Refrigeration  Ice            #.........   100%        6    #######
 Simulacrum               Ice/Necr       #.........   100%        6    #######
 Tornado                  Air            #.........   100%        9    #######


Dungeon Overview and Level Annotations

Branches:
Dungeon (12/15)            Temple (1/1) D:7            Lair (6/6) D:8
  Swamp (0/4) Lair:3       Spider (4/4) Lair:3        Slime (0/5) Lair:5
    Orc (0/2) D:12        Ossuary (visited)

Altars:
Ashenzari
Cheibriados
Dithmenos
Elyvilon
Fedhas
Gozag
Hepliaklqana
Kikubaaqudgha
Makhleb
Nemelex Xobeh
Okawaru
Qazlal
Ru
Sif Muna
Trog
Uskayaw
Vehumet
Wu Jian
Xom
Yredelemnul
Zin
The Shining One
Jiyva

Shops:
D:4 *   D:12 (%[

Annotations:
Lair:1 exclusion: oklob plant
Lair:5 3 runed translucent doors, malesh's ghost, journeyman GrFi


Innate Abilities, Weirdness & Mutations

You are too large for most types of armour.
You have claws for hands.
Your metabolism is lightning-fast.
You like to eat raw meat.
Your natural rate of healing is unusually fast.
You are covered in fur. (AC +1)
You have extremely tough skin. (AC +3)
Your spells are a little easier to cast, but a little less powerful.


Message History

The orb of destruction hits you!!
* * * LOW HITPOINT WARNING * * *
The redback bites you!
* * * LOW HITPOINT WARNING * * *
You are more poisoned.
The redback poisons you!
An orb of destruction comes into view.
There is a huge open gate, spattered with blood here.
You see here a tarantella corpse.
You butcher the tarantella corpse.
* * * LOW HITPOINT WARNING * * *
You feel extremely sick. You block the redback's attack.
There is a huge open gate, spattered with blood here.
You see here a chunk of flesh.
Your claws slow down.
* * * LOW HITPOINT WARNING * * *
You feel very sick. The orb of destruction hits you!!!
You die...

#... ## ... #≈.
.^## #.^##
##...##### #≈.≈≈#
#.....##.#### #
#....≈##
#....##...^.# ##
#≈...≈###...#
#^...## ##.
##≈...s.''@..#
##^..## ##..
#≈..≈≈.°☼○†..#
##...# ##...
#≈.^##s.'s†.^#
#..## #^... #≈
#.###...#
#...###.... ≈≈##
#...# #...#......
≈... #...#
#......##.. ##≈;.
##..#
###.^.....### ###≈
#..###^#####....#.
##
#.......#..##)....


You could see 2 orb spiders and a redback.

Vanquished Creatures
  Arachne (Spider:1)
  Kirke (Spider:1)
  3 emperor scorpions (Spider:2)
  A ghost moth (Spider:4)
  4 entropy weavers
  2 spark wasps
  7 hydras
  Harold (D:8)
  Erica (D:7)
  3 death yaks (D:7)
  A queen ant (D:12)
  3 two-headed ogres
  The ghost of Guenter the Cleaver, a novice VSWn of Okawaru (Lair:2)
  A lindwurm (Lair:6)
  18 orb spiders
  Pikel (D:5)
  15 wolf spiders
  2 manticores
  Maurice (D:8)
  8 elephants (Lair:6)
  3 torpor snails
  10 spiny frogs
  6 rime drakes
  4 komodo dragons
  11 demonic crawlers
  5 polar bears (Lair:6)
  A queen bee (Lair:2)
  A troll (D:11)
  21 jumping spiders
  12 hornets
  3 tyrant leeches (Spider:2)
  A dream sheep (Lair:6)
  22 blink frogs
  5 hippogriffs
  53 redbacks
  11 spriggans (Lair:6)
  14 tarantellas
  A wyvern (D:12)
  23 yaks
  2 hungry ghosts
  Sigmund (D:5)
  2 steam dragons (D:7)
  Edmund (D:4)
  9 soldier ants
  An acid dragon (D:12)
  5 water moccasins
  4 porcupines
  2 black bears (Lair:6)
  4 ice beasts
  3 slaves (D:5)
  4 sky beasts
  An orc warrior (D:6)
  2 ogres
  3 phantoms
  17 wolves
  4 boggarts (Lair:6)
  8 centaurs
  17 crocodiles
  2 elf zombies (Ossuary)
  12 bullfrogs
  4 earth elementals
  A wyvern skeleton (D:7)
  6 scorpions
  3 wights
  25 killer bees
  2 electric eels
  A howler monkey (D:6)
  A crimson imp (D:6)
  2 centaur zombies
  3 quasits
  A bullfrog zombie (D:11)
  5 jellies
  3 hounds
  2 human zombies (Ossuary)
  A centaur skeleton (D:8)
  4 orc priests
  3 bullfrog skeletons
  16 orc wizards
  4 iguanas
  28 worker ants
  2 killer bee zombies
  4 mummies (Ossuary)
  3 hound skeletons
  A hound zombie (Ossuary)
  A gnoll (D:1)
  9 adders
  2 shadow imps
  3 worms
  9 leopard geckos
  39 orcs
  3 ball pythons
  6 bats
  5 giant cockroaches
  6 goblins
  6 hobgoblins
  7 jackals (D:9)
  3 kobolds
  4 quokkas
  6 frilled lizards
  2 goblin zombies (Ossuary)
  2 hobgoblin zombies (Ossuary)
  2 kobold zombies (Ossuary)
  A leopard gecko skeleton (D:7)
  A leopard gecko zombie (D:8)
  A quokka skeleton (D:7)
  3 rats
  A rat zombie (Ossuary)
633 creatures vanquished.

Vanquished Creatures (collateral kills)
  2 hydras
  An oklob plant (Lair:3)
  3 spiny frogs
  A demonic crawler (Spider:1)
  2 komodo dragons
  6 blink frogs
  3 spriggans (Lair:6)
  A wyvern (D:11)
  3 redbacks (Spider:1)
  A tarantella (Spider:1)
  4 yaks
  2 porcupines
  4 water moccasins
  6 wolves (Lair:6)
  A crocodile (Lair:2)
  2 bullfrogs
  2 killer bees (Lair:2)
  An electric eel (Lair:1)
  A jelly (D:10)
  A bullfrog skeleton (D:10)
  An orc wizard (D:12)
  2 worker ants (D:12)
  An adder (D:12)
  3 orcs
  6 fungi
  2 plants
62 creatures vanquished.

Vanquished Creatures (others)
  A tyrant leech (Spider:3)
  2 tarantellas
  A redback (Spider:3)
  6 humans (Spider:2)
  8 fungi
  7 plants
  2 withered plants (Lair:2)
27 creatures vanquished.

Grand Total: 722 creatures vanquished

Notes
Turn   | Place    | Note
-------+----------+-------------------------------------------
     0 | D:1      | Auros the Troll Fighter began the quest for the Orb.
     0 | D:1      | Reached XP level 1. HP: 22/22 MP: 0/0
   150 | D:1      | Reached XP level 2. HP: 29/29 MP: 1/1
   288 | D:3      | Found a sparkling altar of Nemelex Xobeh.
   289 | D:3      | Found a shimmering blue altar of Sif Muna.
   290 | D:3      | Found a basalt altar of Yredelemnul.
   313 | D:3      | Reached skill level 3 in Unarmed Combat
   325 | D:3      | Reached XP level 3. HP: 35/36 MP: 2/2
   357 | D:3      | Found a shimmering altar of Xom.
   461 | D:5      | Entered Level 5 of the Dungeon
   494 | D:5      | Reached XP level 4. HP: 45/45 MP: 3/3
   500 | D:5      | Reached skill level 4 in Unarmed Combat
   508 | D:5      | Found a snail-covered altar of Cheibriados.
   555 | D:5      | Noticed Sigmund
   569 | D:5      | Killed Sigmund
   569 | D:5      | Reached skill level 5 in Unarmed Combat
   569 | D:5      | Reached XP level 5. HP: 50/54 MP: 4/4
   569 | D:5      | Reached XP level 6. HP: 57/62 MP: 5/5
   744 | D:6      | Reached skill level 6 in Unarmed Combat
   778 | D:6      | Noticed a slave
   779 | D:6      | Noticed a slave
   817 | D:5      | Reached XP level 7. HP: 21/70 MP: 6/6
   972 | D:5      | Reached skill level 7 in Unarmed Combat
  1013 | D:6      | Noticed Pikel
  1045 | D:5      | Killed Pikel
  1045 | D:5      | Reached skill level 5 in Fighting
  1045 | D:5      | Reached skill level 8 in Unarmed Combat
  1045 | D:5      | Reached XP level 8. HP: 58/80 MP: 7/7
  1318 | D:7      | Found a sand-covered staircase.
  1323 | Ossuary  | Entered an ossuary
  1382 | Ossuary  | Reached skill level 9 in Unarmed Combat
  1653 | D:8      | Found a staircase to the Lair.
  1653 | D:8      | Noticed a death yak
  1653 | D:8      | Noticed Maurice
  1655 | D:8      | Noticed a death yak
  1656 | D:8      | Noticed a death yak
  1674 | D:7      | Found a staircase to the Ecumenical Temple.
  1683 | Temple   | Entered the Ecumenical Temple
  1911 | Temple   | Became a worshipper of Warmaster Okawaru
  1951 | D:7      | Found a stormy altar of Qazlal.
  1956 | D:7      | Reached XP level 9. HP: 56/89 MP: 8/8
  1961 | D:7      | Reached skill level 10 in Unarmed Combat
  2309 | D:2      | Found a glowing silver altar of Zin.
  2894 | D:4      | Reached * piety under Okawaru
  2906 | D:4      | Noticed Edmund
  2917 | D:4      | Killed Edmund
  2917 | D:4      | Reached skill level 1 in Invocations
  2931 | D:4      | Found Daopp's Lightly-Used Armoury.
  3983 | D:6      | Noticed a +0 dagger
  3984 | D:6      | Found a hide-covered altar of Uskayaw.
  3990 | D:6      | Noticed a +0 hand axe
  4323 | D:6      | Found a burning altar of Makhleb.
  4542 | D:6      | Reached ** piety under Okawaru
  4665 | D:7      | Killed a death yak
  4665 | D:7      | Reached skill level 11 in Unarmed Combat
  4665 | D:7      | Reached XP level 10. HP: 10/100 MP: 9/11
  4939 | D:7      | Reached *** piety under Okawaru
  5007 | D:7      | Killed a death yak
  5300 | D:8      | Killed Maurice
  5300 | D:8      | Reached **** piety under Okawaru
  5344 | D:8      | Noticed a two-headed ogre
  5372 | D:7      | Killed a death yak
  5476 | D:7      | Killed a two-headed ogre
  5520 | D:8      | Reached ***** piety under Okawaru
  5628 | D:8      | Noticed Harold
  5636 | D:8      | Killed Harold
  5636 | D:8      | Received a gift from Okawaru
  5636 | D:8      | Reached skill level 12 in Unarmed Combat
  5636 | D:8      | Reached XP level 11. HP: 79/110 MP: 13/13
  6043 | D:8      | Found an ornate altar of the Wu Jian Council.
  6172 | D:8      | Paralysed by a hornet for 3 turns
  6178 | D:8      | Reached skill level 5 in Dodging
  6178 | D:8      | Reached skill level 5 in Shields
  6527 | D:9      | Noticed Erica
  6573 | D:7      | Killed Erica
  6628 | D:9      | Reached skill level 1 in Throwing
  6648 | D:9      | Found a shadowy altar of Dithmenos.
  6665 | D:9      | Learned a level 1 spell: Animate Skeleton
  7335 | D:10     | Entered Level 10 of the Dungeon
  7633 | D:10     | Noticed a two-headed ogre
  7638 | D:10     | Killed a two-headed ogre
  7638 | D:10     | Received a gift from Okawaru
  7638 | D:10     | Reached skill level 5 in Invocations
  7639 | D:10     | Got a fabulously ornate robe {god gift}
  7650 | D:10     | Identified the +1 robe of Anaesthesia {rN+ Str+4} (Okawaru
                  | gifted it to you on level 10 of the Dungeon)
  7672 | D:10     | You fall into a shaft and drop 2 floors!
  7692 | D:12     | Reached skill level 1 in Necromancy
  7700 | D:12     | Learned a level 1 spell: Beastly Appendage
  7724 | D:12     | Learned a level 2 spell: Sticks to Snakes
  7809 | D:12     | Noticed an entropy weaver
  7826 | D:12     | Noticed an entropy weaver
  7827 | D:12     | Killed an entropy weaver
  7927 | D:11     | Noticed a two-headed ogre
  7935 | D:11     | Killed a two-headed ogre
  8008 | D:11     | Reached skill level 1 in Transmutations
  8807 | D:12     | Killed an entropy weaver
  8807 | D:12     | Reached XP level 12. HP: 100/120 MP: 12/15
  8895 | D:12     | Noticed a queen ant
  8948 | D:12     | Killed a queen ant
  9105 | D:12     | Found Naico Moig's Weapon Boutique.
  9201 | D:12     | Reached skill level 13 in Unarmed Combat
  9318 | D:12     | Found Muwinn's Food Shop.
  9511 | D:12     | Found Xouzyacs's Antique Armour Emporium.
  9603 | D:12     | Found a staircase to the Orcish Mines.
  9608 | D:12     | Bought a glowing shield for 210 gold pieces
 10040 | Lair:1   | Entered Level 1 of the Lair of Beasts
 10136 | Lair:1   | Noticed an eight-headed hydra
 10599 | Lair:1   | Received a gift from Okawaru
 10670 | Lair:1   | Noticed a four-headed hydra
 10673 | Lair:1   | Killed a four-headed hydra
 10718 | Lair:1   | Noticed a four-headed hydra
 10738 | Lair:1   | Killed a four-headed hydra
 11554 | Lair:2   | Reached ****** piety under Okawaru
 11821 | Lair:2   | Found a runed translucent door.
 11829 | Lair:2   | Noticed Guenter's ghost (novice VSWn)
 12064 | Lair:2   | Killed Guenter's ghost
 12080 | Lair:3   | Noticed a five-headed hydra
 12092 | Lair:3   | Killed a five-headed hydra
 12131 | Lair:3   | Found a staircase to the Swamp.
 12131 | Lair:3   | Noticed a seven-headed hydra
 12142 | Lair:3   | Killed a seven-headed hydra
 12142 | Lair:3   | Received a gift from Okawaru
 12142 | Lair:3   | Reached XP level 13. HP: 118/128 MP: 15/17
 12144 | Lair:3   | Got a slimy hand crossbow {god gift}
 12145 | Lair:3   | Identified the +0 hand crossbow of Zafezom {venom, Str+3}
                  | (Okawaru gifted it to you on level 3 of the Lair of Beasts)
 12339 | Lair:3   | Found a hole to the Spider Nest.
 12371 | Lair:3   | Found a radiant altar of Vehumet.
 13229 | Lair:4   | Got an ancient battleaxe
 13235 | Lair:4   | Identified the +5 battleaxe of Ecvad {vorpal, +Inv} (You
                  | found it on level 4 of the Lair of Beasts)
 13248 | Lair:4   | Received a gift from Okawaru
 13369 | Lair:4   | Learned a level 2 spell: Swiftness
 13642 | Lair:4   | Received a gift from Okawaru
 14326 | Lair:5   | Found a glowing golden altar of the Shining One.
 14375 | Lair:5   | Reached skill level 1 in Air Magic
 14413 | Lair:5   | Reached skill level 1 in Charms
 14543 | Lair:5   | Found a runed translucent gate.
 14543 | Lair:5   | Found a runed translucent gate.
 14543 | Lair:5   | Found a runed translucent gate.
 14543 | Lair:5   | Found a viscous altar of Jiyva.
 14543 | Lair:5   | Noticed malesh's ghost (journeyman GrFi)
 14543 | Lair:5   | Noticed a death ooze
 14563 | Lair:5   | Found a viscous altar of Jiyva.
 14567 | Lair:5   | Found a staircase to the Slime Pits.
 14572 | Lair:5   | Reached skill level 14 in Unarmed Combat
 14572 | Lair:5   | Reached skill level 1 in Spellcasting
 15050 | Lair:6   | Entered Level 6 of the Lair of Beasts
 15343 | Lair:6   | Received a gift from Okawaru
 15353 | Lair:6   | Reached skill level 5 in Throwing
 15838 | Lair:6   | Reached XP level 14. HP: 122/140 MP: 19/19
 16205 | Lair:6   | Gained mutation: Your spells are a little easier to cast,
                  | but a little less powerful. [mutagenic glow]
 17085 | Spider:1 | Entered Level 1 of the Spider Nest
 17229 | Spider:1 | You fall into a shaft and drop 1 floor!
 17229 | Spider:2 | Noticed Arachne
 17236 | Spider:2 | Paralysed by a hornet for 2 turns
 17245 | Spider:2 | Noticed Kirke
 17245 | Spider:2 | HP: 4/140 [poisoned by a redback]
 17432 | Spider:1 | Killed Kirke
 17432 | Spider:1 | Received a gift from Okawaru
 17662 | Spider:1 | Received a gift from Okawaru
 18896 | Spider:1 | Killed Arachne
 19055 | Spider:1 | Received a gift from Okawaru
 19237 | Spider:1 | Paralysed by a hornet for 1 turns
 19298 | Spider:2 | HP: 2/140 [wolf spider (7)]
 19305 | Spider:2 | HP: 7/140 [demonic crawler (9)]
 19555 | Spider:2 | Reached XP level 15. HP: 87/148 MP: 21/21
 20986 | Spider:2 | Learned a level 3 spell: Spider Form
 21088 | Spider:3 | Reached skill level 15 in Unarmed Combat
 22220 | Spider:3 | Got a transparent platinum ring
 22238 | Spider:3 | Identified the ring of Compassion {*Corrode rElec rN+
                  | Str+2} (You found it on level 3 of the Spider Nest)
 22327 | Spider:3 | Received a gift from Okawaru
 22602 | Spider:4 | Entered Level 4 of the Spider Nest
 22984 | Spider:4 | Reached skill level 5 in Axes
 23132 | Spider:4 | Noticed a ghost moth
 23136 | Spider:4 | Killed a ghost moth
 23280 | Spider:4 | Upgraded the game from 0.25-a0-435-g4b9beb1 to
                  | 0.25-a0-440-g67f526b
 23305 | Spider:4 | Received a gift from Okawaru
 24331 | Spider:4 | Blown up by an orb spider

Levels and vault maps discovered:
D:1:      dpeg_arrival_yet_another_circle, layout_basic, minmay_crystal_water,
          minmay_strange_pillars, minmay_octomino_j4
D:2:      layout_loops_cross, zin_academy, st_stairs_14
D:3:      layout_rooms, chequers_temple_overflow_statue_of_worship,
          dk_xom_monty_hall
D:4:      layout_cave_pools, first_ration, minmay_shop_damaged,
          serial_bayou_crossing, uniq_edmund
D:5:      layout_basic, kennysheep_little_box, uniq_sigmund
D:6:      layout_basic, dancing_weapons_uskayaw, makhleb_heckhound_becter,
          uniq_pikel
D:7:      cheibrodos_steamvent, layout_rooms, nicolae_qazlal_general_emergency,
          minmay_temple_entry_stoned_glass, enter_ossuary_5
D:8:      layout_cave_pools, lemuel_coloured_pillars_altar, dpeg_lair_monsters,
          hangedman_pestilent_swarm, ebering_dispersal_statue_hall,
          chequers_serial_rivers_micro_c, uniq_harold, uniq_maurice
D:9:      layout_basic, basic_altar, uniq_erica
D:10:     layout_layer_cave, serial_shops, nicolae_shop_crystal, shop
D:11:     layout_roguey
D:12:     layout_irregular_city, orc_0_dummy, serial_shops, shop,
          nicolae_shop_crystal, shop, minmay_another_anthill
Temple:   jpeg_temple_clearing
Lair:1:   layout_gridlike, grunt_megastairs_2, minmay_lair_oklob_chamber
Lair:2:   layout_roguey [special_room_bee], gammafunk_ghost_grave,
          lemuel_old_faithful
Lair:3:   layout_cave_pods, minmay_swamp_entry_reptiles, dummy_spider_entry,
          serial_bayou_pond_a, chequers_serial_rivers_micro_e,
          lemuel_oklob_altar
Lair:4:   layout_roguey, grunt_megastairs_4
Lair:5:   layout_roguey, slime_altar_1, gammafunk_ghost_ooze, basic_altar
Lair:6:   minmay_lair_end_enchanted_forest, layout_gridlike,
          serial_bayou_pond_d, minmay_lair_drake_nest
Spider:1: layout_spider_delve, nicolae_spider_webbed_stairs
Spider:2: layout_spider_delve, uniq_kirke, uniq_arachne
Spider:3: layout_spider_delve, hangedman_stitches_earthworm
Spider:4: spider_rune_water, nicolae_orb_island

Skill      XL: |  1  2  3  4  5  6  7  8  9 10 11 12 13 14 15 |
---------------+----------------------------------------------+-----
Unarmed Combat | 3 5 6 8 9 11 12 13 14 15 | 15.1
Fighting       | 3 4 5 6 7 8 9 |  9.9
Invocations    | 2 4 6 7 8 9 |  9.8
Shields        | 3 4 5 6 7 |  7.9
Dodging        | 3 4 5 6 7 |  7.9
Throwing       | 2 4 5 6 |  6.5
Necromancy     | 1 2 |  2.8
Transmutations | 1 2 3 |  3.5
Air Magic      | 1 2 3 |  3.0
Charms         | 1 2 |  2.9
Spellcasting   | 1 2 |  2.8
Axes           | 8 |  8.0

Action                   |  1- 3 |  4- 6 |  7- 9 | 10-12 | 13-15 || total
-------------------------+-------+-------+-------+-------+-------++-------
Melee: Unarmed           |    64 |    52 |   317 |   637 |  1013 ||  2083
       Headbutt          |       |       |       |     7 |       ||     7
       Kick              |       |       |       |     1 |     9 ||    10
 Fire: Hand crossbow     |       |       |       |       |    11 ||    11
Throw: Stone             |     8 |       |    35 |     3 |       ||    46
       Dart              |       |       |       |     8 |       ||     8
       Boomerang         |       |       |       |    37 |       ||    37
       Large rock        |       |       |       |    14 |    34 ||    48
       Javelin           |       |       |       |       |    43 ||    43
 Cast: Animate Skeleton  |       |       |       |    37 |    74 ||   111
       Beastly Appendage |       |       |       |     4 |     6 ||    10
       Sticks to Snakes  |       |       |       |     3 |     4 ||     7
       Swiftness         |       |       |       |       |     3 ||     3
Invok: Heroism           |       |       |       |    15 |    35 ||    50
       Finesse           |       |       |       |     1 |     8 ||     9
  Use: Potion            |       |     3 |       |       |    18 ||    21
       Scroll            |       |       |     2 |     1 |    19 ||    22
 Stab: Sleeping          |       |       |     1 |       |       ||     1
       Distracted        |       |       |       |       |     3 ||     3
  Eat: Chunk             |    10 |     3 |    35 |    78 |    94 ||   220
       Ration            |       |       |       |       |     7 ||     7
Armor: Robe              |    43 |    13 |    67 |   190 |   366 ||   679
Dodge: Dodged            |    25 |    21 |    86 |   259 |   491 ||   882
Block: Shield            |    45 |    27 |   122 |   372 |   175 ||   741
       Large shield      |       |       |       |       |   947 ||   947

Table legend:
 A = Non-vault XP
 B = Vault XP
 C = Vault XP percentage of total XP
 D = Non-vault monster count
 E = Vault monster count
 F = Vault count percentage of total count
                 A         B        C        D         E       F
            +---------+---------+-------+---------+---------+-------
      Total |   96572 |   42443 |  30.5 |     492 |     193 |  28.2
            +---------+---------+-------+---------+---------+-------
        D:1 |      33 |       0 |   0.0 |      11 |       0 |   0.0
        D:2 |      51 |      13 |  20.3 |      21 |       1 |   4.5
        D:3 |      37 |      87 |  70.2 |      12 |       3 |  20.0
        D:4 |     163 |     176 |  51.9 |       4 |       1 |  20.0
        D:5 |     865 |     783 |  47.5 |      20 |       2 |   9.1
        D:6 |    1284 |      43 |   3.2 |      27 |       1 |   3.6
        D:7 |    2110 |    4926 |  70.0 |      28 |      11 |  28.2
        D:8 |    1072 |    2218 |  67.4 |      18 |       6 |  25.0
        D:9 |    1380 |       0 |   0.0 |      35 |       0 |   0.0
       D:10 |    1092 |       0 |   0.0 |       4 |       0 |   0.0
       D:11 |    2313 |     237 |   9.3 |      21 |       7 |  25.0
       D:12 |    2207 |    5201 |  70.2 |      28 |      27 |  49.1
     Lair:1 |    5529 |     394 |   6.7 |      23 |       2 |   8.0
     Lair:2 |    1539 |    2516 |  62.0 |       9 |      26 |  74.3
     Lair:3 |    3370 |    1536 |  31.3 |      12 |       5 |  29.4
     Lair:4 |    6227 |    1672 |  21.2 |      24 |       6 |  20.0
     Lair:5 |    4262 |       0 |   0.0 |      16 |       0 |   0.0
     Lair:6 |   12488 |    9242 |  42.5 |      46 |      53 |  53.5
   Spider:1 |   17221 |    5579 |  24.5 |      59 |       2 |   3.3
   Spider:2 |   21074 |    1350 |   6.0 |      52 |       7 |  11.9
   Spider:3 |    5048 |    1350 |  21.1 |       9 |       4 |  30.8
   Spider:4 |    7207 |    4740 |  39.7 |      13 |      13 |  50.0
    Ossuary |       0 |     380 | 100.0 |       0 |      16 | 100.0
            +---------+---------+-------+---------+---------+-------
